 Dungeon Crawl Stone Soup version 0.30.1-9-gdf580d7c3d (webtiles) character file.

Game seed: 11499340461004210223

63 bearlyready the Stinger (level 4, -2/36 HPs)
             Began as a Naga Venom Mage on Oct 23, 2023.
             Slain by an iguana (7 damage)
             ... on level 3 of the Dungeon.
             The game lasted 00:03:51 (2017 turns).

bearlyready the Stinger (Naga Venom Mage)           Turns: 2017, Time: 00:03:51

Health: -2/36      AC:  3    Str: 11    XL:     4   Next: 9%
Magic:  1/7        EV:  8    Int: 17    God:
Gold:   105        SH:  0    Dex: 11    Spells: 6/7 levels left

rFire   . . .        g - +0 dagger
rCold   . . .        (no shield)
rNeg    . . .        p - +0 ring mail
rPois   +            (no helmet)
rElec   .            (no cloak)
rCorr   .            (no gloves)
SInv    +            (no barding)
Will    .....        (no amulet)
Stlth   +            (no ring)
HPRegen 0.26/turn    (no ring)
MPRegen 0.10/turn

%: no passive effects
@: very slightly contaminated, very slow
A: AC +1, large, see invisible, deformed body, poison resistance, slowness 2,
spit poison 1, naga tail 1
a: Spit Poison


You were on level 3 of the Dungeon.
You visited 1 branch of the dungeon, and saw 3 of its levels.

You collected 105 gold pieces.

Inventory:

Hand Weapons
 g - a +0 dagger (weapon)
 o - a +1 mace of holy wrath
 q - a +0 rapier
Missiles
 j - 6 poisoned darts
 m - 4 boomerangs
Armour
 a - a +0 robe
 c - a +0 buckler
 p - a +0 ring mail (worn)
 x - the +1 leather armour "Put-Me-On" {rF- rCorr Str+5 SInv}
   (You found it on level 3 of the Dungeon)

   Str:       It affects your strength (+5).
   rF:        It makes you vulnerable to fire.
   SInv:      It lets you see invisible.
   rCorr:     It protects you from acid and corrosion.
Magical Staves
 i - a staff of cold
Scrolls
 d - 2 scrolls of fear {unknown}
 e - 2 scrolls of vulnerability {unknown}
 f - 2 scrolls of teleportation {unknown}
 k - 2 scrolls of identify {unknown}
 r - a scroll of fog {unknown}
 s - a scroll of blinking {unknown}
 u - a scroll of immolation {unknown}
 w - a scroll of enchant weapon {unknown}
Potions
 b - a potion of magic
 h - a potion of ambrosia {unknown}
 l - a potion of heal wounds {unknown}
 n - a potion of brilliance {unknown}
 t - a potion of cancellation {unknown}
 v - 2 potions of haste {unknown}


   Skills:
 - Level 1.5 Dodging
 - Level 3.0 Stealth
 - Level 2.0 Spellcasting
 - Level 1.0 Transmutations
 + Level 6.4 Poison Magic


You had 6 spell levels left.
You knew the following spells:

 Your Spells              Type           Power      Damage    Failure   Level
a - Sting                 Tmut/Pois      56%        1d5       11%         1

Your spell library contained the following spells:

 Spells                   Type           Power      Damage    Failure   Level
 Poisonous Vapours        Pois/Air       24%        N/A       19%         2
 Olgreb's Toxic Radiance  Pois           23%        N/A       32%         4
 Apportation              Tloc           2%         N/A       43%         1
 Necrotise                Necr           4%         1d4       43%         1
 Summon Small Mammal      Summ           4%         N/A       43%         1
 Mephitic Cloud           Conj/Pois/Air  9%         N/A       52%         3
 Tukima's Dance           Hex            1%         N/A       80%         3
 Passage of Golubria      Tloc           1%         N/A       99%         4
 Yara's Violent Unravell  Hex/Tmut       1%         3d3       100%        5


Dungeon Overview and Level Annotations

Branches:
Dungeon (3/15)

Altars:


Innate Abilities, Weirdness & Mutations

Your serpentine skin is tough. (AC +1)
You have supernaturally acute eyesight. (SInv)
Armour fits poorly on your strangely shaped body.
Your system is resistant to poisons. (rPois)
You cover ground very slowly.
You can spit poison.
You have a snake-like lower body.


Message History

You miscast Sting.
You are very lightly contaminated with residual magic.
Nothing appears to happen.
The iguana bites you!
* * * LOW HITPOINT WARNING * * *
Casting: Sting (safe; 11% risk of failure)
Confirm with . or Enter, or press ? or * to list all spells.
Aiming: Sting (safe; 11% risk of failure)
Press: ? - help, Shift-Dir - straight line, f/p - iguana
Aim: an iguana (severely wounded, 75% to hit)
The sting hits the iguana but does no damage.
The iguana is poisoned.
The iguana is severely wounded.
The iguana bites you.
* * * LOW HITPOINT WARNING * * *
Casting: Sting (safe; 11% risk of failure)
Confirm with . or Enter, or press ? or * to list all spells.
Aiming: Sting (safe; 11% risk of failure)
Press: ? - help, Shift-Dir - straight line, f/p - iguana
Aim: an iguana (severely wounded, poisoned, 75% to hit)
You miscast Sting.
Nothing appears to happen.
The iguana barely misses you.
Casting: Sting (safe; 11% risk of failure)
Confirm with . or Enter, or press ? or * to list all spells.
Aiming: Sting (safe; 11% risk of failure)
Press: ? - help, Shift-Dir - straight line, f/p - iguana
Aim: an iguana (almost dead, poisoned, 75% to hit)
You miscast Sting.
Nothing appears to happen.
The iguana barely misses you.
Casting: Sting (safe; 11% risk of failure)
Confirm with . or Enter, or press ? or * to list all spells.
Aiming: Sting (safe; 11% risk of failure)
Press: ? - help, Shift-Dir - straight line, f/p - iguana
Aim: an iguana (almost dead, poisoned, 75% to hit)
You miscast Sting.
Nothing appears to happen.
The iguana bites you.
* * * LOW HITPOINT WARNING * * *
Casting: Sting (safe; 11% risk of failure)
Confirm with . or Enter, or press ? or * to list all spells.
Aiming: Sting (safe; 11% risk of failure)
Press: ? - help, Shift-Dir - straight line, f/p - iguana
Aim: an iguana (almost dead, poisoned, 75% to hit)
You miscast Sting.
Nothing appears to happen.
The iguana bites you!
You die...

#............<...
#.#
#....####........
###
..........'........
#.######..#......##
... #..#####+## ##
#..# #..# #..# #@.#
#l.# #..# #..# #..#
<..# ##.# .#


You could see an iguana (poisoned).

Vanquished Creatures
  An adder (D:2)
  A gnoll (D:1)
  2 worms (D:2)
  3 endoplasms (D:1)
  A giant cockroach (D:1)
  9 goblins
  5 hobgoblins
  3 kobolds
  A quokka (D:2)
  4 ball pythons
  3 bats
  2 frilled lizards
  3 rats
38 creatures vanquished.

Notes
Turn   | Place    | Note
-------+----------+-------------------------------------------
     0 | D:1      | bearlyready the Naga Venom Mage began the quest for the
                  | Orb.
     0 | D:1      | Reached XP level 1. HP: 15/15 MP: 3/3
   209 | D:1      | Reached skill level 5 in Poison Magic
   209 | D:1      | Reached XP level 2. HP: 7/22 MP: 1/5
   745 | D:1      | Reached XP level 3. HP: 28/28 MP: 6/6
  1299 | D:2      | Reached skill level 6 in Poison Magic
  1407 | D:2      | Found a faded altar of an unknown god.
  1765 | D:3      | Reached XP level 4. HP: 36/36 MP: 2/7
  1985 | D:3      | Identified the +1 leather armour "Put-Me-On" {rF- rCorr
                  | Str+5 SInv}
  2017 | D:3      | Slain by an iguana

Illustrated notes

Levels and vault maps discovered:
D:1:      spicycebolla_arrival_xxxplode, layout_basic
D:2:      layout_loops_cross, dilly_ecumenical_altar_fadedgnrine,
          serial_bayou_pond_c, item_on_display_a
D:3:      kennysheep_the_goblin_king, layout_basic, amethyst_killhole

Skill      XL: |  1  2  3 |
---------------+----------+-----
Poison Magic   | 5 6 |  6.4
Dodging        | |  1.5
Stealth        | |  3.0
Spellcasting   | |  2.0
Transmutations | |  1.0

Action                     |  1- 3 |  4- 6 || total
---------------------------+-------+-------++-------
  Melee: Unarmed           |    29 |       ||    29
         Dagger            |    35 |    18 ||    53
   Cast: Sting             |    32 |     5 ||    37
Ability: Spit Poison       |    12 |     1 ||    13
   Stab: Sleeping          |     5 |       ||     5
 Armour: Robe              |     8 |       ||     8
         Ring mail         |    21 |     2 ||    23
  Dodge: Dodged            |    47 |    11 ||    58
